 Dungeon Crawl Stone Soup version 0.30.1-11-g7821555f0a (webtiles) character file.

Game seed: 12201564624024729204

225108 Chiseanne the Warrior (level 18, 0/155 HPs)
             Began as a Demonspawn Wanderer on Nov 17, 2023.
             Was an Initiate of Gozag.
             Slain by a +0 scimitar of flaming (1 damage)
             ... on level 2 of the Elven Halls on Nov 24, 2023.
             The game lasted 01:45:40 (35600 turns).

Chiseanne the Warrior (Demonspawn Wanderer)        Turns: 35600, Time: 01:45:40

Health: 0/155      AC: 27    Str: 20    XL:     18   Next: 17%
Magic:  18/18      EV: 32    Int: 12    God:    Gozag
Gold:   1180       SH: 19    Dex: 20    Spells: 17/17 levels left

rFire   + . .        s - +9 war axe of Betung {venom, rPois Stlth+}
rCold   . . .        x - +5 Storm Queen's Shield {shock, Fly rElec}
rNeg    . . .        Z - +0 plate armour of Keruebra {rCorr SInv}
rPois   +            (helmet unavailable)
rElec   +            T - +2 cloak {rCorr}
rCorr   +            P - +2 pair of gloves {Str+3}
SInv    +            N - +1 pair of boots
Will    ++...        B - amulet of the acrobat Stlth
                     q - ring "Teumodgh" {Fly rElec rF+ Will+ Dex+2}
HPRegen 0.45/turn    G - +4 ring of slaying
MPRegen 0.16/turn

%: acrobat
@: acrobatic, flying
A: horns 3, repulsion field 2, foul stench 2, demonic magic 1, corrupting
presence 1
}: 2/15 runes: decaying, gossamer
a: Renounce Religion, Potion Petition, Call Merchant, Bribe Branch


You were on level 2 of the Elven Halls.
You worshipped Gozag.
Gozag was most pleased with you.
You visited 7 branches of the dungeon, and saw 33 of its levels.
You also visited: Sewer.

You collected 9901 gold pieces.
You spent 3799 gold pieces at shops.
You paid 4922 gold pieces to Gozag.

Inventory:

Hand Weapons
 a - the +6 hammer of Tortfeasance {flame, rPois rF+ Int+7 Stlth-}
   (You found it on level 2 of the Dungeon)

   Int:       It affects your intelligence (+7).
   rF:        It protects you from fire.
   rPois:     It protects you from poison.
   Stlth:     It makes you less stealthy.
 d - a +8 broad axe of electrocution
 s - the +9 war axe of Betung (weapon) {venom, rPois Stlth+}
   (You bought it in a shop on level 1 of the Elven Halls)

   rPois:     It protects you from poison.
   Stlth:     It makes you more stealthy.
Missiles
 b - 11 javelins
 v - 11 poisoned darts (quivered)
 w - 3 curare-tipped darts
 F - 28 boomerangs
 K - a throwing net
Armour
 x - the +5 Storm Queen's Shield (worn) {shock, Fly rElec}
   (You acquired it on level 4 of the Dungeon)

   Shock:     When it blocks an attack, it may electrocute the attacker.
   This works even against foes who are a short distance away.
   rElec:     It insulates you from electricity.
   Fly:       It grants you flight.
 N - a +1 pair of boots (worn)
 P - a +2 pair of gloves of strength (worn)
 Q - a +4 chain mail of cold resistance
 T - a +2 cloak of preservation (worn)
 Z - the +0 plate armour of Keruebra (worn) {rCorr SInv}
   (You found it on level 14 of the Dungeon)

   SInv:      It lets you see invisible.
   rCorr:     It protects you from acid and corrosion.
Jewellery
 q - the ring "Teumodgh" (left hand) {Fly rElec rF+ Will+ Dex+2}
   (You bought it in a shop on level 15 of the Dungeon)

   [ring of protection from fire]

   Dex:       It affects your dexterity (+2).
   rF:        It protects you from fire.
   rElec:     It insulates you from electricity.
   Fly:       It grants you flight.
   Will:      It increases your willpower.
 B - an amulet of the acrobat (around neck)
 G - a +4 ring of slaying (right hand)
Wands
 g - a wand of flame (47)
 k - a wand of iceblast (8)
 E - a wand of paralysis (44)
 O - a wand of quicksilver (5)
Scrolls
 c - 5 scrolls of fog
 D - a scroll of magic mapping
Potions
 f - 2 potions of berserk rage
 h - 12 potions of curing
 i - a potion of invisibility
 l - a potion of resistance
 m - a potion of ambrosia
 o - 3 potions of flight
 A - 2 potions of haste
 J - 3 potions of cancellation
Miscellaneous
 j - a lightning rod (2/4)
 u - a phantom mirror
 C - a box of beasts
 L - a tin of tremorstones (inert)


   Skills:
 * Level 17.5 Fighting
 - Level 2.6 Polearms
 - Level 1.0 Throwing
 * Level 15.4 Armour
 * Level 15.2 Dodging
 * Level 14.8 Shields
 - Level 1.0 Evocations


You had 17 spell levels left.
You didn't know any spells.
Your spell library contained the following spells:

 Spells                   Type           Power      Damage    Failure   Level
 Apportation              Tloc           0%         N/A       99%         1
 Freeze                   Ice            0%         1d3       99%         1
 Blink                    Tloc           0%         N/A       100%        2
 Call Imp                 Summ           0%         N/A       100%        2
 Cigotuvi's Dreadful Rot  Necr/Pois/Air  0%         N/A       100%        2
 Lesser Beckoning         Tloc           0%         N/A       100%        2
 Momentum Strike          Conj/Tloc      0%         3d8       100%        2
 Poisonous Vapours        Pois/Air       0%         N/A       100%        2
 Frozen Ramparts          Ice            0%         1d1       100%        3
 Hailstorm                Conj/Ice       0%         3d3       100%        3
 Mephitic Cloud           Conj/Pois/Air  0%         N/A       100%        3
 Stone Arrow              Conj/Erth      0%         3d7       100%        3
 Tukima's Dance           Hex            0%         N/A       100%        3
 Animate Armour           Summ/Erth      0%         N/A       100%        4
 Dispel Undead            Necr           0%         3d6       100%        4
 Ice Form                 Ice/Tmut       0%         N/A       100%        4
 Olgreb's Toxic Radiance  Pois           0%         N/A       100%        4
 Passage of Golubria      Tloc           0%         N/A       100%        4
 Petrify                  Tmut/Erth      0%         N/A       100%        4
 Summon Ice Beast         Ice/Summ       0%         N/A       100%        4
 Alistair's Intoxication  Tmut/Pois      0%         N/A       100%        5
 Borgnjor's Vile Clutch   Necr/Erth      0%         N/A       100%        5
 Freezing Cloud           Conj/Ice/Air   0%         6-21      100%        5
 Metabolic Englaciation   Hex/Ice        0%         N/A       100%        5
 Yara's Violent Unravell  Hex/Tmut       0%         3d3       100%        5
 Death Channel            Necr           0%         N/A       100%        6
 Statue Form              Tmut/Erth      0%         N/A       100%        6
 Monstrous Menagerie      Summ           0%         N/A       100%        7
 Spellforged Servitor     Conj/Summ      0%         N/A       100%        7
 Discord                  Hex            0%         N/A       100%        8
 Ignition                 Fire           0%         3d3       100%        8
 Lehudib's Crystal Spear  Conj/Erth      0%         10d2      100%        8
 Animate Dead             Necr           Unusable   N/A       N/A         4

Dungeon Overview and Level Annotations

Branches:
Dungeon (15/15)            Temple (1/1) D:6            Lair (5/5) D:11
  Swamp (4/4) Lair:2       Spider (4/4) Lair:3        Slime (0/5) Lair:4
    Orc (2/2) D:10            Elf (2/3) Orc:2        Vaults (0/5) D:14
 Depths (0/4) D:15          Sewer (visited)

Altars:
Ashenzari
Cheibriados
Gozag
Kikubaaqudgha
Makhleb
Nemelex Xobeh
Qazlal
Ru
Trog
Wu Jian
Xom
Yredelemnul
Jiyva
Lugonu

Shops:
D:2 :   D:9 *   D:10 [   D:15 (=[((   Orc:2 :*([   Elf:1 ((*

Portals:
Abyss: Lair:5

Annotations:
D:14 exclusion: 2 downstairs
D:15 2 transporters, exclusion: upstairs, ioannis32's ghost, journeyman DsBe
Lair:1 2 transporters
Swamp:4 exclusion: upstairs
Spider:4 exclusion: 2 upstairs
Elf:2 3 runed translucent doors, Agnes


Innate Abilities, Weirdness & Mutations

You have a pair of large horns on your head.
You are surrounded by a moderate repulsion field. (EV +3)
You sometimes emit foul miasma when damaged in melee.
Spells you cast may paralyse adjacent enemies.
Your presence sometimes corrodes those you injure.


Message History

The +0 scimitar of flaming completely resists.
You block the +4 bardiche of venom's attack.
Your shield discharges, shocking the +4 bardiche of venom!
The +4 bardiche of venom completely resists.
The +0 scimitar of flaming completely misses you.
You flicker for a moment.
The deep elf knight shouts!
You hear a shout!
The deep elf knight is no longer distracted by gold.
You block the +0 scimitar of flaming's attack.
You flicker back into view.
A deep elf knight comes into view.
It is wielding a +0 short sword and wearing a +1 scale mail of cold resistance.
The deep elf knight shoots an arrow.
The arrow hits you but does no damage.
You block the +0 scimitar of flaming's attack.
Your shield discharges, shocking the +0 scimitar of flaming!
The +0 scimitar of flaming completely resists.
The deep elf knight shoots an arrow.
The arrow hits you.
* * * LOW HITPOINT WARNING * * *
The deep elf knight unwields a +0 long sword.
The deep elf knight wields a +0 shortbow.
The deep elf knight shoots an arrow.
You block the arrow.
The deep elf knight looks more healthy.
You block the +0 scimitar of flaming's attack.
The deep elf pyromancer gestures wildly while chanting.
You block the +0 scimitar of flaming's attack.
The deep elf knight casts a spell.
The deep elf knight flickers and vanishes for a moment.
The +3 long sword of electrocution closely misses you.
You block the +3 long sword of electrocution's attack.
Your shield discharges, shocking the +3 long sword of electrocution!
The +3 long sword of electrocution completely resists.
The deep elf pyromancer casts a spell.
A deep elf knight comes into view.
It is wielding a +1 short sword of venom.
The deep elf knight mumbles some strange words.
The deep elf knight seems to speed up.
The +0 scimitar of flaming attacks as you move away!
The +0 scimitar of flaming hits you.
* * * LOW HITPOINT WARNING * * *
The +0 scimitar of flaming burns you.
You die...
Your body crumbles into a pile of gold.

.###**,,,**
*,,*,,,,,,,,*,,,,,*
## **,,,,,**
*...#.....,*,,,,,,,
# **,,,,,,,**
*....#....*,,,,,,,,
# *,,,,,,,,,*
*.....#..*,,,,,,,,,
**,,,,,,,**
*#....(#*,,,,,,,,,,
* **,,,,,**
##.....##.,,,,,....
****'*,,,**
#.....#..#,,,,,....
,,*'***,**
#....#....*,,,,....
,,,,* ***
#.@.#..e..,*,,.....
,,,,*
#((#(.......*,....#
,,,,*
#.#..........#,..#.
,,,,*
##....(.......#*#..
,,,,*
#.e.E○.......# #..
,,***
##...Ee☼((....###..
'**
#.#..e..(e☼.(#...#.
*,**
#..#...e(...#.....#
**,**
#...#....(.#.......


You could see 3 deep elf knights, a deep elf pyromancer, a deep elf
zephyrmancer, 2 fire elementals and 8 dancing weapons.

Vanquished Creatures
  A bone dragon (Swamp:4)
  A tentacled monstrosity (Swamp:2)
  Rupert (D:13)
  6 emperor scorpions
  2 deep elf sorcerers
  3 ghost moths (Spider:4)
  2 orc warlords
  2 broodmothers (Spider:4)
  2 eleionomae
  A deep elf demonologist (Elf:1)
  2 spark wasps (Spider:4)
  2 bunyips
  Snorg (Orc:2)
  An entropy weaver (Spider:4)
  Josephine (Lair:3)
  An ettin (Orc:1)
  A deep elf high priest (Elf:2)
  6 hydras
  Harold (D:9)
  A vault guard (D:14)
  2 catoblepae
  4 ghost crabs
  6 centaur warriors
  3 alligators
  4 dancing weapons
  3 boulder beetles
  2 tengu warriors
  3 two-headed ogres
  Urug (Lair:3)
  6 death yaks
  4 thrashing horrors (Lair:5)
  3 orc high priests (Orc:2)
  A skyshark (Lair:5)
  Sonja (D:13)
  7 deep elf knights
  Nergalle (D:12)
  Amaemon (Lair:1)
  3 goliath frogs
  2 pharaoh ants
  A skyshark (shapeshifter) (Lair:5)
  10 skeletal warriors
  2 sun moths
  3 spectral hydras (Swamp:4)
  A spriggan druid (Swamp:4)
  4 orb spiders
  3 steelbarb worms
  A harpy (shapeshifter) (D:14)
  Pikel (D:8)
  5 deep elf archers
  6 bog bodies
  14 deep elf zephyrmancers
  A necromancer (D:15)
  14 deep elf pyromancers
  13 wolf spiders
  A wolf spider zombie (D:15)
  3 manticores
  10 orc sorcerers
  7 cyclopes
  7 ugly things
  4 will-o-the-wisps
  5 moths of wrath
  6 elephants
  A naga mage (D:15)
  2 black mambas
  A demonic crawler (Spider:1)
  A gargoyle (D:12)
  3 molten gargoyles (Elf:1)
  An orange demon (Lair:1)
  Maurice (Orc:1)
  5 cane toads
  Maggie (Lair:1)
  3 torpor snails (Spider:2)
  8 komodo dragons
  A tengu conjurer (D:14)
  2 freezing wraiths
  4 swamp worm zombies (Swamp:4)
  6 rime drakes
  A kobold demonologist (D:9)
  3 hydra zombies (Swamp:4)
  2 ancient zymes (Lair:5)
  10 trolls
  2 polar bears
  16 tarantellas
  A polar bear (shapeshifter) (Lair:5)
  7 tyrant leeches
  A hornet (shapeshifter) (Lair:5)
  4 alligator zombies (Swamp:4)
  9 hornets
  4 spectral swamp dragons (Swamp:4)
  A blink frog (shapeshifter) (Elf:1)
  32 blink frogs
  12 jumping spiders
  2 centaur simulacra (D:15)
  18 culicivoras
  7 slime creatures
  A ynoxinul (Lair:5)
  11 spriggans
  6 shadows
  7 wraiths
  27 yaks
  Eustachio (D:6)
  8 basilisks
  3 wyverns
  3 fire bats (Elf:1)
  A human (shapeshifter) (D:15)
  2 fire elementals (Elf:1)
  Grum (D:9)
  38 redbacks
  11 vampire mosquitoes
  2 large abominations (Lair:5)
  A steam dragon (D:8)
  2 chaos spawn (Lair:5)
  12 swamp worms
  10 water moccasins
  A spectral cane toad (Lair:2)
  5 wargs
  28 orc warriors
  A spectral polar bear (Lair:2)
  2 sky beasts
  3 black bears
  A swamp drake (Swamp:4)
  19 wolves
  4 ogres
  2 ice beasts
  4 swamp dragon zombies (Swamp:4)
  6 phantoms
  19 centaurs
  5 kobold brigands
  11 bullfrogs
  A spectral water moccasin (Lair:2)
  A gnoll sergeant (D:12)
  4 earth elementals
  2 scorpions (D:6)
  8 wights
  8 small abominations (Lair:5)
  6 killer bees (D:8)
  An electric eel (D:14)
  16 jellies
  9 orc priests
  Crazy Yiuf (D:2)
  3 hounds
  An iron imp (D:14)
  A gnoll bouda (D:6)
  4 iguanas
  A sleepcap (D:6)
  20 orc wizards
  Natasha (thrice) (D:4)
  A boggart skeleton (D:15)
  6 ogre zombies (D:10)
  7 gnolls
  13 adders
  2 river rats (Sewer)
  A swamp drake zombie (Swamp:4)
  A shadow imp (D:8)
  A white imp (D:8)
  A worm (D:4)
  2 dart slugs
  46 orcs
  11 ball pythons
  9 endoplasms
  5 giant cockroaches
  8 goblins
  4 hobgoblins
  3 jackals (Sewer)
  2 quokkas (D:1)
  5 bats
  11 frilled lizards
  2 goblin zombies (D:10)
  3 hobgoblin zombies (D:10)
  34 kobolds
  An orc skeleton (D:10)
  13 orc zombies (D:10)
  2 rats
931 creatures vanquished.

Vanquished Creatures (collateral kills)
  2 tarantellas
  A jumping spider (Spider:4)
3 creatures vanquished.

Vanquished Creatures (others)
  A ghost crab (Swamp:4)
  A dancing weapon (Elf:2)
  2 deep elf knights (Elf:2)
  A deep elf zephyrmancer (Elf:2)
  A molten gargoyle (Elf:1)
  2 bloated husks (Swamp:4)
  2 phantoms (Swamp:4)
  34 foxfires
44 creatures vanquished.

Grand Total: 978 creatures vanquished

Notes
Turn   | Place    | Note
-------+----------+-------------------------------------------
     0 | D:1      | Chiseanne the Demonspawn Wanderer began the quest for the
                  | Orb.
     0 | D:1      | Chiseanne set off with the following items: a +3 spear, a
                  | +0 ring mail, a scroll of fog.
     0 | D:1      | Reached XP level 1. HP: 16/16 MP: 1/1
   200 | D:1      | Gained mutation: You have a pair of small horns on your
                  | head. [demonic ancestry]
   200 | D:1      | Reached XP level 2. HP: 22/22 MP: 2/2
   336 | D:1      | Reached skill level 1 in Dodging
   766 | D:2      | Reached XP level 3. HP: 28/28 MP: 3/3
   864 | D:2      | Found a runed translucent door.
   865 | D:2      | Noticed Crazy Yiuf
   866 | D:2      | Identified the +6 hammer of Tortfeasance {flame, rPois rF+
                  | Int+7 Stlth-}
  1285 | D:2      | Found Qoasock's Book Shoppe.
  1412 | D:2      | Killed Crazy Yiuf
  1413 | D:2      | Reached skill level 3 in Fighting
  1413 | D:2      | Reached XP level 4. HP: 12/35 MP: 1/4
  1416 | D:2      | Identified the +5 hammer of Checkmate {flame, rN+}
  2306 | D:4      | Noticed Natasha
  2313 | D:4      | Killed Natasha
  2314 | D:4      | Gained mutation: You have a pair of horns on your head.
                  | [demonic ancestry]
  2314 | D:4      | Reached XP level 5. HP: 38/41 MP: 5/5
  2475 | D:4      | Found a glowing drain.
  2492 | Sewer    | Entered a sewer
  2665 | Sewer    | Reached XP level 6. HP: 48/48 MP: 6/6
  2713 | Sewer    | Reached skill level 4 in Fighting
  3168 | D:4      | Identified a scroll of acquirement
  3168 | D:4      | Acquired the +5 Storm Queen's Shield {shock, Fly rElec}
  3168 | D:4      | Found the +5 Storm Queen's Shield {shock, Fly rElec}
  3432 | D:4      | Reached skill level 1 in Shields
  3463 | D:4      | Noticed Natasha
  3469 | D:4      | Killed Natasha
  3513 | D:4      | Gained mutation: You have a pair of large horns on your
                  | head. [demonic ancestry]
  3513 | D:4      | Reached XP level 7. HP: 55/55 MP: 7/7
  3590 | D:4      | Noticed Natasha
  3594 | D:4      | Killed Natasha
  3622 | D:5      | Entered Level 5 of the Dungeon
  3693 | D:5      | You are sucked into a shaft and drop 1 floor!
  3784 | D:6      | Reached skill level 5 in Fighting
  3784 | D:6      | Reached skill level 5 in Armour
  3903 | D:6      | Reached XP level 8. HP: 62/62 MP: 8/8
  3948 | D:6      | Found a staircase to the Ecumenical Temple.
  3969 | Temple   | Entered the Ecumenical Temple
  3997 | Temple   | Became a worshipper of Gozag Ym Sagoz the Greedy
  4150 | D:6      | Noticed Eustachio
  4162 | D:6      | Killed Eustachio
  4163 | D:6      | Reached skill level 6 in Fighting
  4163 | D:6      | Reached skill level 5 in Dodging
  4713 | D:7      | Gained mutation: Spells you cast may paralyse adjacent
                  | enemies. [demonic ancestry]
  4713 | D:7      | Reached XP level 9. HP: 58/71 MP: 9/9
  5240 | D:8      | Found an ancient bone altar of Kikubaaqudgha.
  5265 | D:8      | Found a bloodstained altar of Trog.
  5273 | D:8      | Found a shimmering altar of Xom.
  5485 | D:8      | Reached skill level 7 in Fighting
  5848 | D:9      | Noticed Grum
  5853 | D:9      | Reached skill level 5 in Shields
  5985 | D:9      | Killed Grum
  6097 | D:9      | Noticed Pikel
  6126 | D:8      | Killed Pikel
  6127 | D:8      | Gained mutation: You are surrounded by a mild repulsion
                  | field. (EV +2) [demonic ancestry]
  6127 | D:8      | Reached XP level 10. HP: 72/80 MP: 10/10
  6168 | D:9      | Found Niewoera's General Store.
  6540 | D:9      | Noticed Harold
  6557 | D:9      | Killed Harold
  6558 | D:9      | Reached skill level 8 in Fighting
  6634 | D:10     | Entered Level 10 of the Dungeon
  6643 | D:10     | Bought a +1 pair of gloves of strength for 247 gold pieces
  6686 | D:10     | Found a staircase to the Orcish Mines.
  7843 | D:10     | Bought a +2 cloak of preservation for 322 gold pieces
  7932 | D:11     | Noticed a cyclops
  7938 | D:11     | Killed a cyclops
  8116 | D:11     | Noticed a manticore
  8129 | D:11     | Killed a manticore
  8206 | D:11     | Reached skill level 9 in Fighting
  8451 | D:11     | Found a staircase to the Lair.
  8454 | D:11     | Gained mutation: You may rarely emit foul miasma when
                  | damaged in melee. [demonic ancestry]
  8454 | D:11     | Reached XP level 11. HP: 84/89 MP: 11/11
  8573 | D:11     | Noticed a tengu warrior
  8582 | D:11     | Killed a tengu warrior
  8770 | D:11     | Noticed a boulder beetle
  8785 | D:11     | Killed a boulder beetle
  8887 | D:12     | Noticed Nergalle
  8887 | D:12     | Noticed a brown ugly thing
  8907 | D:12     | Killed a brown ugly thing
  8915 | D:12     | Killed Nergalle
  9287 | D:12     | Noticed a seven-headed hydra
  9297 | D:12     | Killed a seven-headed hydra
  9315 | D:12     | Reached skill level 10 in Fighting
  9963 | D:12     | Noticed a deep elf pyromancer
  9973 | D:12     | Killed a deep elf pyromancer
  9974 | D:12     | Gained mutation: You sometimes emit foul miasma when
                  | damaged in melee. [demonic ancestry]
  9974 | D:12     | Reached XP level 12. HP: 97/98 MP: 12/12
 10201 | D:13     | Noticed a centaur warrior
 10212 | D:13     | Killed a centaur warrior
 10300 | D:13     | Noticed a boulder beetle
 10303 | D:13     | Noticed Sonja
 10309 | D:13     | Killed Sonja
 10347 | D:13     | Killed a boulder beetle
 10348 | D:13     | Reached skill level 10 in Armour
 10780 | D:13     | Noticed a two-headed ogre
 10792 | D:13     | Killed a two-headed ogre
 10919 | D:13     | Noticed a centaur warrior
 10925 | D:13     | Noticed Rupert
 10932 | D:13     | Killed a centaur warrior
 11107 | D:13     | Reached skill level 11 in Fighting
 11481 | D:13     | Reached skill level 10 in Dodging
 11506 | D:13     | Killed Rupert
 11859 | D:13     | Noticed a centaur warrior
 11866 | D:13     | Killed a centaur warrior
 12258 | D:14     | Identified the +0 plate armour of Keruebra {rCorr SInv}
 12259 | D:14     | Noticed a centaur warrior
 12264 | D:14     | Killed a centaur warrior
 12386 | D:14     | Gained mutation: You are surrounded by a moderate repulsion
                  | field. (EV +3) [demonic ancestry]
 12386 | D:14     | Reached XP level 13. HP: 42/106 MP: 13/13
 12651 | D:14     | Found a snail-covered altar of Cheibriados.
 12744 | D:14     | Reached skill level 10 in Shields
 13079 | D:14     | Found a gate to the Vaults.
 13417 | D:15     | Entered Level 15 of the Dungeon
 13431 | D:15     | Noticed a tengu reaver
 13433 | D:15     | Noticed ioannis32's ghost (journeyman DsBe)
 13434 | D:15     | Noticed a fire dragon
 13727 | D:15     | Reached skill level 12 in Fighting
 13893 | D:15     | Found a transporter.
 13897 | D:15     | Found a transporter.
 14794 | D:15     | Found a staircase to the Depths.
 15363 | Orc:1    | Entered Level 1 of the Orcish Mines
 15542 | Orc:1    | Noticed an ettin
 15551 | Orc:1    | Killed an ettin
 15691 | Orc:1    | Noticed Maurice
 15691 | Orc:1    | Paralysed by Maurice for 5 turns
 15704 | Orc:1    | Killed Maurice
 15750 | Orc:1    | Noticed an orc warlord
 15801 | Orc:1    | Killed an orc warlord
 15863 | Orc:1    | Paralysed by an orc sorcerer for 2 turns
 16095 | Orc:1    | Paralysed by an orc sorcerer for 2 turns
 16294 | Orc:1    | Reached XP level 14. HP: 116/116 MP: 14/14
 16481 | Orc:2    | Entered Level 2 of the Orcish Mines
 16483 | Orc:2    | Found a staircase to the Elven Halls.
 16606 | Orc:2    | Noticed an orc warlord
 16704 | Lair:1   | Entered Level 1 of the Lair of Beasts
 16881 | Lair:1   | Found a transporter.
 17210 | Lair:1   | Found a transporter.
 17646 | Lair:1   | Noticed Maggie
 17653 | Lair:1   | Killed Maggie
 17785 | Lair:1   | Noticed Amaemon
 17801 | Lair:1   | Killed Amaemon
 18099 | Lair:2   | Reached skill level 13 in Fighting
 18698 | Lair:2   | Found a staircase to the Swamp.
 18931 | Lair:2   | Reached skill level 14 in Fighting
 18931 | Lair:2   | Gained mutation: Your presence sometimes corrodes those you
                  | injure. [demonic ancestry]
 18931 | Lair:2   | Reached XP level 15. HP: 127/127 MP: 15/15
 18988 | Lair:3   | Noticed Josephine
 18997 | Lair:3   | Killed Josephine
 19000 | Lair:3   | Noticed Urug
 19092 | Lair:3   | Killed Urug
 19180 | Lair:3   | Found a hole to the Spider Nest.
 20130 | Lair:4   | Found a viscous altar of Jiyva.
 20130 | Lair:4   | Found a staircase to the Slime Pits.
 20197 | Lair:4   | Identified the +1 spear "Raqil" {heavy, *Corrode Str+2
                  | Int+6}
 20941 | Lair:5   | Entered Level 5 of the Lair of Beasts
 21200 | Lair:4   | Reached skill level 15 in Fighting
 21782 | Lair:5   | Reached XP level 16. HP: 125/136 MP: 16/16
 22182 | Lair:5   | Found a corrupted altar of Lugonu.
 22182 | Lair:5   | Found a one-way gate to the infinite horrors of the Abyss.
 22186 | Lair:5   | Identified the +0 dagger of the Thieving Gods {antimagic,
                  | Str+4 Int+2}
 22926 | D:15     | Bought a slimy scale mail for 243 gold pieces
 22926 | D:15     | Identified the +3 scale mail "Umitohef" {Harm +Inv Dex-5}
                  | (You bought it in a shop on level 15 of the Dungeon)
 22934 | D:15     | Bought a transparent trident for 297 gold pieces
 22934 | D:15     | Identified the +0 trident of Poysm {freeze, rElec} (You
                  | bought it in a shop on level 15 of the Dungeon)
 23145 | Orc:2    | Found Zefoaf's General Store.
 23399 | Orc:2    | Bought a scroll of immolation for 44 gold pieces
 23399 | Orc:2    | Bought a scroll of immolation for 44 gold pieces
 23533 | Orc:2    | Paralysed by an orc sorcerer for 2 turns
 23552 | Orc:2    | Found Iptogy's Antique Weapon Boutique.
 23636 | Orc:2    | Found Oblog's Antique Armour Shoppe.
 23861 | Orc:2    | Found Nuriac's Book Shop.
 23874 | Orc:2    | Noticed Snorg
 23887 | Orc:2    | Killed Snorg
 24499 | Swamp:1  | Entered Level 1 of the Swamp
 25458 | Swamp:2  | Noticed a tentacled monstrosity
 25475 | Swamp:2  | Killed a tentacled monstrosity
 25928 | Swamp:3  | Reached skill level 16 in Fighting
 26122 | Swamp:4  | Entered Level 4 of the Swamp
 27104 | Swamp:4  | Noticed a bone dragon
 27488 | Swamp:4  | Killed a bone dragon
 27489 | Swamp:4  | Reached XP level 17. HP: 53/145 MP: 17/17
 27710 | Swamp:4  | Got a decaying rune of Zot
 28028 | D:15     | Bought the ring of the Rose {Fire rN+ Will+ Str+4} for 853
                  | gold pieces
 28028 | D:15     | Bought the ring "Teumodgh" {Fly rElec rF+ Will+ Dex+2} for
                  | 865 gold pieces
 28195 | Spider:1 | Entered Level 1 of the Spider Nest
 28605 | Spider:2 | HP: 5/145 [disintegration[a torpor snail] (46)]
 29190 | Spider:1 | Chiseanne: what an absolute dogshit
 30525 | Spider:4 | Entered Level 4 of the Spider Nest
 30528 | Spider:4 | Chiseanne: wow some asshole drew a penis as a map..ho
                  | immature
 31564 | Spider:4 | Chiseanne: what a complete bullshit
 32066 | Spider:4 | Reached skill level 17 in Fighting
 32777 | Spider:4 | Reached skill level 15 in Armour
 32906 | Spider:4 | Got a gossamer rune of Zot
 33519 | Elf:1    | Entered Level 1 of the Elven Halls
 33890 | Orc:1    | Chiseanne: yeah right!
 34143 | Elf:1    | Found Senk's Assorted Antiques.
 34169 | Elf:1    | Found Edweec's Weapon Shoppe.
 34182 | Elf:1    | Bought the +9 war axe of Betung {venom, rPois Stlth+} for
                  | 884 gold pieces
 34487 | Elf:1    | Found Cuekhij's Weapon Emporium.
 34675 | Elf:1    | Got the Papyrus of Assembling
 34859 | Elf:2    | Reached skill level 15 in Dodging
 34870 | Elf:2    | Reached XP level 18. HP: 99/155 MP: 18/18
 35311 | Elf:2    | Found a runed translucent gate.
 35313 | Elf:2    | Found a runed translucent gate.
 35318 | Elf:2    | Found a runed translucent gate.
 35542 | Elf:2    | Noticed Agnes
 35578 | Elf:2    | HP: 7/155 [+3 halberd of freezing (7)]
 35583 | Elf:2    | HP: 6/155 [+0 scimitar of flaming (6)]
 35584 | Elf:2    | HP: 2/155 [+0 scimitar of flaming (5)]
 35595 | Elf:2    | HP: 2/155 [deep elf knight/arrow (3)]
 35600 | Elf:2    | HP: 1/155 [+0 scimitar of flaming (3)]
 35600 | Elf:2    | Slain by a +0 scimitar of flaming

Illustrated notes

Levels and vault maps discovered:
D:1:      dpeg_arrival_rhombus, layout_basic
D:2:      layout_loops_ring, serial_shops, shop, uniq_crazy_yiuf_cottage
D:3:      layout_basic
D:4:      layout_loops_ring, cheibrodos_sewer_entry_bend, minmay_bisected,
          uniq_natasha
D:5:      layout_cave_pods
D:6:      layout_basic, minmay_temple_entry_poolview, uniq_eustachio
D:7:      layout_rooms
D:8:      layout_loops_cross, grunt_temple_overflow_cloverleaf
D:9:      layout_rooms, serial_shops, shop, uniq_grum, uniq_harold, uniq_pikel
D:10:     layout_irregular_city, zombieorc1_lemuel, hex_medium, worms_lemuel
D:11:     layout_long_grid, david_lair_generic, fungi_pond_lemuel
D:12:     layout_roguey, serial_corexii_hall, chequers_hall_statues_wall_a,
          corexii_hall_statues_l, corexii_hall_statues_l,
          minmay_increasing_density, uniq_nergalle
D:13:     layout_grid_maze, uniq_rupert, uniq_sonja
D:14:     layout_stronghold, david_vaults_5, fountainhead, slow_altar_2
D:15:     grunt_enter_depths_magical_seal, layout_basic, gammafunk_ghost_arena,
          nicolae_titane
Temple:   hc_temple_tempest_star
Lair:1:   gammafunk_worm_tunnel, layout_layer_cave, patterned_corridor,
          uniq_amaemon, uniq_maggie
Lair:2:   layout_chaotic_city, nicolae_swamp_entry_spooky,
          grunt_forest_large_clearings, infiniplex_staircase_pool,
          serial_bayou_shore_b
Lair:3:   layout_hall_layers, nicolae_spider_entry_orb_guardian,
          grunt_megastairs_4, uniq_josephine, uniq_urug
Lair:4:   layout_cave_pods, minmay_slime_entry_jelly_boxes
Lair:5:   hellmonk_lair_end_abyssal_woods, layout_hall_layers,
          grunt_megastairs_3, infiniplex_staircase_pool_2, lemuel_fruit_tree
Swamp:1:  layout_basic_swamp, evilmike_swamp_ruin_house_6
Swamp:2:  layout_basic_swamp, evilmike_swamp_ruin_house_5
Swamp:3:  nicolae_swamp_flooded_prison, layout_falls_marsh,
          nicolae_swamp_bean_lake
Swamp:4:  swamp_pestilence, layout_basic_swamp
Spider:1: layout_spider_delve, drop_trap, uniq_jorgrun
Spider:2: layout_spider_delve, hellmonk_narrow_tunnel
Spider:3: layout_spider_delve, gammafunk_ghost_cemetery
Spider:4: grunt_spider_rune_parallel
Orc:1:    layout_caves, basic_altar, guppyfry_library_mini, uniq_maurice
Orc:2:    grunt_orc_gardens, layout_caves, grunt_orc_garden, grunt_orc_garden,
          grunt_orc_garden, grunt_orc_garden, enter_volcano_1, uniq_snorg
Elf:1:    layout_gridlike, serial_shops, nicolae_square_shop,
          minmay_elf_demonology, hellmonk_bongcloud_opening, minivault_8,
          minmay_shoptagon
Elf:2:    nicolae_elf_blades_splatter_lattice
          [nicolae_vaults_blade_armed_guards], layout_geoelf_octagon,
          minmay_elf_sorcery, uniq_agnes, uniq_asterion

Skill      XL: |  1  2  3  4  5  6  7  8  9 10 11 12 13 14 15 16 17 |
---------------+----------------------------------------------------+-----
Armour         | 3 4 5 6 7 8 9 10 11 12 13 14 15 | 15.4
Dodging        | 1 2 3 4 5 6 8 9 10 11 12 13 15 | 15.2
Fighting       | 3 4 5 6 7 9 10 11 12 14 15 16 17 | 17.5
Shields        | 1 2 4 5 7 8 9 11 12 13 14 | 14.8
Polearms       | |  2.6
Throwing       | |  1.0
Evocations     | |  1.0

Action                     |  1- 3 |  4- 6 |  7- 9 | 10-12 | 13-15 | 16-18 || total
---------------------------+-------+-------+-------+-------+-------+-------++-------
  Melee: Spear             |    65 |       |       |       |       |       ||    65
         Headbutt          |     7 |    16 |    33 |   119 |   215 |   325 ||   715
         Mace              |    29 |   142 |   150 |   414 |   569 |   809 ||  2113
         Punch             |       |     1 |       |       |       |       ||     1
         Demon trident     |       |       |       |       |   140 |    94 ||   234
         Broad axe         |       |       |       |       |       |    13 ||    13
         War axe           |       |       |       |       |       |   139 ||   139
  Throw: Dart              |       |       |       |     4 |     4 |    36 ||    44
         Boomerang         |       |       |       |       |     3 |       ||     3
 Invoke: Call Merchant     |       |       |       |     1 |     2 |     3 ||     6
  Evoke: Wand              |       |       |     3 |     4 |    25 |    14 ||    46
         Phial of floods   |       |       |       |       |     1 |       ||     1
         Lightning rod     |       |       |       |       |     1 |     8 ||     9
         Tin of tremorston |       |       |       |       |       |     3 ||     3
         Box of beasts     |       |       |       |       |       |     1 ||     1
         Phantom mirror    |       |       |       |       |       |     1 ||     1
    Use: Scroll            |     9 |     4 |     3 |    11 |     9 |    19 ||    55
         Potion            |     1 |       |       |     4 |     5 |    13 ||    23
   Stab: Distracted        |       |       |     1 |     1 |     4 |     7 ||    13
         Invisible         |       |       |       |     1 |     3 |     3 ||     7
         Paralysed         |       |       |       |       |     4 |     1 ||     5
         Petrified         |       |       |       |       |     3 |       ||     3
 Armour: Ring mail         |    22 |    78 |    84 |       |       |       ||   184
         Chain mail        |       |       |       |   212 |   327 |   565 ||  1104
         Plate armour      |       |       |       |       |       |   101 ||   101
  Dodge: Dodged            |    28 |   111 |    96 |   250 |   477 |   986 ||  1948
  Block: Kite shield       |       |    18 |   161 |   464 |   801 |  1499 ||  2943
